 Dungeon Crawl Stone Soup version 0.24-a0-760-g74cc3ae (webtiles) character file.

Game seed: 17568990410513960389, levelgen mode: deterministic

181110 Lorak the Warrior (level 17, 0/256 HPs)
             Began as a Minotaur Fighter on Oct 3, 2019.
             Was a High Priest of Trog.
             Succumbed to a guardian serpent's bolt of poison
             ... on level 4 of the Snake Pit.
             The game lasted 01:40:48 (36076 turns).

Lorak the Warrior (Minotaur Fighter)               Turns: 36076, Time: 01:40:49

Health: 0/256      AC: 21    Str: 35    XL:     17   Next: 66%
Magic:  16/16      EV:  6    Int:  5    God:    Trog [*****.]
Gold:   1934       SH: 15    Dex: 11    Spells: 16/16 levels left

rFire    + . .     SeeInvis .   M - +8 morningstar "Onaaluv" {drain, rC+}
rCold    + . .     Gourm    .   Q - +0 shield {reflect}
rNeg     + . .     Faith    .   u - +3 plate armour {rF+}
rPois    +         Spirit   .   (helmet restricted)
rElec    .         Reflect  +   (no cloak)
rCorr    .         Harm     .   (no gloves)
MR       +++++     Clarity  +   (no boots)
Stlth    ..........             L - amulet of the Four Winds {rN+ MR+++ Clar}
HPRegen  1.52/turn              I - ring of poison resistance
MPRegen  0.15/turn              X - +3 ring of strength

@: berserking (expiring), lethally poisoned (0 -> 0), regenerating, constricted,
very quick
A: retaliatory headbutt, horns 2
a: Berserk, Trog's Hand, Brothers in Arms, Renounce Religion


You were on level 4 of the Snake Pit.
You worshipped Trog.
Trog was extremely pleased with you.
You were near starving.

You visited 4 branches of the dungeon, and saw 27 of its levels.
You also visited: Sewer and Ossuary.

You collected 2845 gold pieces.
You spent 911 gold pieces at shops.

Inventory:

Hand Weapons
 n - a +1 antimagic demon whip
 M - the +8 morningstar "Onaaluv" (weapon) {drain, rC+}
   (You bought it in a shop on level 8 of the Dungeon)

   A truly terrible weapon, it drains the life of those it strikes.
   It protects you from cold.
Armour
 i - +0 ice dragon scales
 u - a +3 plate armour of fire resistance (worn)
 Q - a +0 shield of reflection (worn)
 W - a +0 large shield
Jewellery
 h - an uncursed ring of positive energy
 l - a +3 ring of slaying {unknown}
 p - an uncursed ring of protection from cold {unknown}
 q - an uncursed ring of flight
 B - an uncursed ring of fire
 I - a ring of poison resistance (left hand)
 L - the amulet of the Four Winds (around neck) {rN+ MR+++ Clar}
   (You bought it in a shop on level 1 of the Orcish Mines)

   [amulet of nothing]

   It protects you from negative energy.
   It affects your resistance to hostile enchantments.
   It protects you against confusion.
 O - an uncursed ring of resist corrosion {unknown}
 X - a +3 ring of strength (right hand)
Wands
 c - a wand of enslavement (7)
 y - a wand of digging (6)
 z - a wand of acid (41)
 C - a wand of disintegration (9)
 D - a wand of flame (32)
 E - a wand of paralysis (6)
 N - a wand of clouds (4)
 V - a wand of iceblast (22)
Scrolls
 a - 2 scrolls of identify
 e - 2 scrolls of holy word
 o - 12 scrolls of teleportation
 t - 4 scrolls of enchant weapon
 w - 11 scrolls of remove curse
 F - 6 scrolls of random uselessness
 G - 7 scrolls of fear
 H - 5 scrolls of magic mapping
 P - 2 scrolls of blinking
 S - a scroll of silence
 U - 2 scrolls of immolation
 Y - 4 scrolls of enchant armour
 Z - 2 scrolls of fog
Potions
 b - 2 potions of ambrosia
 d - 10 potions of might
 g - a potion of invisibility
 j - 3 potions of cancellation
 k - 13 potions of lignification
 m - 4 potions of heal wounds
 r - 6 potions of curing
 s - 4 potions of haste
 v - 2 potions of agility
 x - a potion of mutation
 A - 4 potions of brilliance
 J - 3 potions of resistance
 K - 2 potions of flight
Comestibles
 f - 36 rations


   Skills:
 + Level 20.4 Fighting
 - Level 16.0 Maces & Flails
 + Level 19.6 Armour
 - Level 16.0 Shields


You had 16 spell levels left.
You didn't know any spells.
Your spell library was empty.

Dungeon Overview and Level Annotations

Branches:
Dungeon (15/15)            Temple (0/1) D:6            Lair (6/6) D:10
 Shoals (0/4) Lair:2        Snake (4/4) Lair:4        Slime (0/5) Lair:5
    Orc (2/2) D:12            Elf (0/3) Orc:2        Vaults (0/5) D:13
 Depths (0/5) D:15          Sewer (visited)         Ossuary (visited)

Altars:
Ashenzari
Cheibriados
Elyvilon
Fedhas
Gozag
Hepliaklqana
Kikubaaqudgha
Makhleb
Okawaru
Ru
Sif Muna
Trog
Uskayaw
Vehumet
Wu Jian
Xom
Yredelemnul
The Shining One
Jiyva

Shops:
D:5 }   D:8 [(*   D:11 *   Orc:1 =   Orc:2 =!*   Snake:1 [(([   Snake:3 }}=*

Annotations:
D:5 Prince Ribbit
D:10 2 runed translucent doors, nasorihs's ghost, novice CeHu
D:13 1 runed translucent door
Snake:1 2 transporters, Yxit's ghost, adept MiBe


Innate Abilities, Weirdness & Mutations

You reflexively headbutt those who attack you in melee.
You have a pair of horns on your head.


Message History

* * * LOW HITPOINT WARNING * * *
The anaconda bites you but does no damage.
* * * LOW HITPOINT WARNING * * *
The anaconda constricts you.
The shock serpent bites you but does no damage.
You block the black mamba's attack.
The guardian serpent casts a spell at you.
The bolt of poison hits you!
You are more poisoned.
You resist.
* * * LOW HITPOINT WARNING * * *
The bolt of poison hits the guardian serpent.
The guardian serpent is poisoned.
The bolt of poison hits the guardian serpent.
You block the shock serpent's attack.
You thump the shock serpent!
You kill the shock serpent!
Trog accepts your kill.
The air sparks with electricity, shocking you!
You die...

+..# ##.... ##..# #..... ##
#...######++#.....
...#######.................
..................)........
..................)........
.........N..........<....##
.........S))...)...........
........SS@S...............
.........SSS...............
.##.....##..(.............
##'''###................
#..... ##.......##......
#...≈≈§.. ##.......##.....
#.#..≈≈≈..# #.......##.....
# #..≈≈≈NN# #..............
#..≈≈≈.S# #...........###


You could see a naga warrior, a sea snake, an anaconda, a shock serpent, 3
guardian serpents and a black mamba.

Vanquished Creatures
  Donald (Snake:2)
  4 nagarajas
  Louise (D:14)
  An ettin (D:15)
  4 ogre magi (Orc:1)
  Harold (D:8)
  9 naga warriors
  A rakshasa (D:15)
  8 hydras
  An ice dragon (Lair:5)
  5 centaur warriors
  2 death knights (D:14)
  6 anacondas
  A merfolk avatar (Lair:6)
  15 two-headed ogres
  2 tengu warriors
  Urug (Orc:1)
  10 naga sharpshooters
  4 shock serpents
  9 sea snakes
  2 salamander mystics (Snake:3)
  3 unseen horrors
  5 naga ritualists
  A deep elf archer (D:13)
  A lindwurm (shapeshifter) (D:13)
  4 orc knights
  6 mana vipers
  11 ugly things
  4 deep elf magi
  A harpy (Lair:6)
  2 orc sorcerers
  5 manticores
  3 cyclopes
  13 salamanders
  Maurice (D:9)
  12 elephants
  3 guardian serpents
  16 naga magi
  33 black mambas
  Psyche (D:11)
  A spiny frog (shapeshifter) (D:13)
  17 spiny frogs
  3 gargoyles
  A torpor snail (Lair:5)
  3 centaur skeletons (D:11)
  An efreet (D:15)
  6 rime drakes
  9 komodo dragons
  A freezing wraith (D:15)
  3 yaktaurs (D:13)
  A tengu conjurer (D:14)
  5 trolls
  4 hornets
  2 polar bears (Lair:6)
  A wind drake (Lair:6)
  Grinder (D:3)
  6 blink frogs
  19 hippogriffs
  10 dream sheep
  3 wyverns (Lair:6)
  A wraith (D:14)
  45 yaks
  A vampire (D:12)
  4 basilisks
  52 nagas
  Menkaure (D:5)
  2 acid dragons
  15 porcupines
  10 water moccasins
  Purgy (Sewer)
  19 orc warriors
  6 sky beasts
  4 ice beasts
  40 ogres
  2 phantoms
  15 wolves
  A necrophage (D:13)
  11 centaurs
  15 crocodiles
  Blork the orc (D:6)
  19 bullfrogs
  6 big kobolds
  3 gnoll sergeants (D:12)
  3 scorpions
  9 wights
  6 killer bees (D:11)
  A vampire bat (D:12)
  3 howler monkeys
  11 electric eels
  3 crimson imps
  2 quasits
  3 bullfrog zombies
  4 centaur zombies
  6 hounds
  5 jellies
  7 orc priests
  21 orc wizards
  Ijyb (D:5)
  3 iguanas
  22 worker ants
  4 big kobold zombies (Ossuary)
  A mummy (Ossuary)
  2 hound skeletons
  A howler monkey zombie (D:11)
  Robin (D:2)
  14 gnolls
  18 adders
  4 shadow imps
  3 white imps (Lair:5)
  An adder zombie (D:9)
  An ooze (D:6)
  2 adder skeletons
  2 worms
  A dart slug (D:1)
  4 leopard geckos
  62 orcs
  4 spectral bats (Ossuary)
  5 ball pythons
  4 giant cockroaches
  8 gnoll zombies (Ossuary)
  10 goblins
  12 hobgoblins
  3 quokkas
  13 bats
  2 bat simulacra (Ossuary)
  9 frilled lizards
  2 goblin simulacra (Ossuary)
  3 goblin zombies (Ossuary)
  2 hobgoblin zombies (Ossuary)
  A jackal skeleton (D:4)
  24 kobolds
  6 kobold simulacra (Ossuary)
  7 kobold zombies (Ossuary)
  2 leopard gecko skeletons
  A leopard gecko zombie (D:8)
  6 orc zombies (Ossuary)
  6 rats
  7 rat simulacra (Ossuary)
  5 spectral goblins (Ossuary)
  A spectral kobold (Ossuary)
  3 spectral rats (Ossuary)
961 creatures vanquished.

Vanquished Creatures (others)
  A naga (Snake:3)
  An ogre (Orc:2)
  An ooze (D:3)
  A frilled lizard (D:3)
  14 fungi
  31 plants
49 creatures vanquished.

Grand Total: 1010 creatures vanquished

Notes
Turn   | Place    | Note
-------+----------+-------------------------------------------
     0 | D:1      | Lorak the Minotaur Fighter began the quest for the Orb.
     0 | D:1      | Reached XP level 1. HP: 19/19 MP: 0/0
   154 | D:1      | Reached XP level 2. HP: 25/27 MP: 1/1
   865 | D:2      | Reached skill level 4 in Fighting
   868 | D:2      | Reached XP level 3. HP: 33/33 MP: 2/2
  1115 | D:2      | Found a basalt altar of Yredelemnul.
  1144 | D:2      | Found an ornate altar of the Wu Jian Council.
  1181 | D:2      | Found a bloodstained altar of Trog.
  1272 | D:2      | Found a glowing golden altar of the Shining One.
  1387 | D:2      | Noticed Robin
  1422 | D:2      | Reached XP level 4. HP: 30/40 MP: 3/3
  1432 | D:2      | Killed Robin
  1754 | D:3      | Noticed Grinder
  2155 | D:3      | Reached XP level 5. HP: 45/47 MP: 4/4
  2172 | D:2      | Found an ancient bone altar of Kikubaaqudgha.
  2188 | D:2      | Became a worshipper of Trog the Wrathful
  2200 | D:3      | Found a blossoming altar of Fedhas.
  2421 | D:3      | Paralysed by Grinder for 2 turns
  2430 | D:3      | Paralysed by Grinder for 2 turns
  2435 | D:3      | Paralysed by Grinder for 6 turns
  2445 | D:3      | Killed Grinder
  2445 | D:3      | Reached skill level 5 in Fighting
  2445 | D:3      | Reached skill level 5 in Maces & Flails
  2445 | D:3      | Reached skill level 5 in Armour
  2445 | D:3      | Reached skill level 5 in Shields
  2445 | D:3      | Reached XP level 6. HP: 14/56 MP: 5/5
  2680 | D:3      | Found a sacrificial altar of Ru.
  2953 | D:3      | Found a burning altar of Makhleb.
  3326 | D:4      | Reached XP level 7. HP: 37/61 MP: 6/6
  3538 | D:4      | Found a shimmering blue altar of Sif Muna.
  3581 | D:4      | Found a sand-covered staircase.
  3588 | Ossuary  | Entered an ossuary
  3634 | Ossuary  | Reached * piety under Trog
  3847 | Ossuary  | Reached ** piety under Trog
  4528 | D:4      | Found a snail-covered altar of Cheibriados.
  4686 | D:5      | Entered Level 5 of the Dungeon
  4757 | D:5      | Reached skill level 6 in Fighting
  4959 | D:5      | Noticed Ijyb
  4974 | D:5      | Killed Ijyb
  5039 | D:5      | Reached XP level 8. HP: 70/70 MP: 7/7
  5232 | D:5      | Noticed Menkaure
  5240 | D:5      | Killed Menkaure
  5244 | D:5      | Noticed Prince Ribbit
  5572 | D:5      | Found a shimmering altar of Xom.
  5590 | D:5      | Reached skill level 7 in Fighting
  5717 | D:5      | Found Tape's Gadget Shop.
  6078 | D:6      | Reached *** piety under Trog
  6173 | D:6      | Reached XP level 9. HP: 38/79 MP: 8/8
  6228 | D:6      | Noticed Blork the orc
  6233 | D:6      | Killed Blork the orc
  6453 | D:6      | Found a glowing drain.
  6462 | Sewer    | Entered a sewer
  6518 | Sewer    | Noticed Purgy
  6533 | Sewer    | Killed Purgy
  6735 | D:6      | Found an iron altar of Okawaru.
  6799 | D:6      | Found a staircase to the Ecumenical Temple.
  7248 | D:7      | Reached skill level 10 in Maces & Flails
  7515 | D:7      | Received a gift from Trog
  7566 | D:7      | Reached skill level 8 in Fighting
  7717 | D:7      | You fall into a shaft and drop 3 floors!
  7717 | D:10     | Entered Level 10 of the Dungeon
  7835 | D:10     | Reached XP level 10. HP: 90/90 MP: 9/9
  7836 | D:10     | Noticed a manticore
  7853 | D:10     | Killed a manticore
  8094 | D:10     | Noticed a two-headed ogre
  8126 | D:10     | Killed a two-headed ogre
  8126 | D:10     | Reached skill level 9 in Fighting
  8332 | D:10     | Noticed an elephant
  8355 | D:10     | Killed an elephant
  8487 | D:10     | Found a staircase to the Lair.
  8516 | D:10     | Found a runed translucent door.
  8518 | D:10     | Noticed a catoblepas
  8518 | D:10     | Noticed a skeletal warrior
  8518 | D:10     | Noticed an orc knight
  8518 | D:10     | Noticed a lich
  8541 | D:10     | Noticed a skeletal warrior
  8580 | D:10     | Found a runed translucent door.
  8580 | D:10     | Noticed nasorihs's ghost (novice CeHu)
  8585 | D:10     | Noticed a necromancer
  8819 | D:9      | Found a hide-covered altar of Uskayaw.
  8824 | D:8      | Found Xytra's Antique Armour Shoppe.
  8873 | D:8      | Found a glowing golden altar of the Shining One.
  9083 | D:8      | Reached **** piety under Trog
  9100 | D:8      | Found Zaisolust's Antique Weapon Shoppe.
  9116 | D:8      | Bought a dazzling morningstar for 297 gold pieces
  9116 | D:8      | Identified the +8 morningstar "Onaaluv" {drain, rC+} (You
                  | bought it in a shop on level 8 of the Dungeon)
  9167 | D:8      | Found a white marble altar of Elyvilon.
  9168 | D:8      | Noticed Harold
  9185 | D:8      | Reached XP level 11. HP: 80/99 MP: 10/10
  9193 | D:8      | Killed Harold
  9193 | D:8      | Reached skill level 10 in Shields
  9197 | D:8      | Reached skill level 10 in Fighting
  9197 | D:8      | Reached skill level 10 in Armour
  9962 | D:8      | Found Neynuz's General Store.
 10141 | D:9      | Found an opulent altar of Gozag.
 10184 | D:9      | Found a blossoming altar of Fedhas.
 10341 | D:9      | Noticed Maurice
 10619 | D:9      | Killed Maurice
 11005 | D:9      | Found a hazy altar of Hepliaklqana.
 11006 | D:9      | Found a shattered altar of Ashenzari.
 11269 | D:10     | Killed an unseen horror
 12188 | Lair:1   | Entered Level 1 of the Lair of Beasts
 12468 | Lair:1   | Reached skill level 11 in Fighting
 12819 | Lair:1   | Reached ***** piety under Trog
 13297 | Lair:2   | Reached XP level 12. HP: 102/110 MP: 11/11
 13355 | Lair:2   | You fall into a shaft and drop 2 floors!
 14154 | Lair:2   | Found a staircase to the Shoals.
 14711 | Lair:3   | Reached skill level 12 in Fighting
 14716 | Lair:3   | Noticed an eight-headed hydra
 14724 | Lair:3   | Killed an eight-headed hydra
 15318 | Lair:4   | Received a gift from Trog
 15325 | Lair:4   | Found a staircase to the Snake Pit.
 15911 | Lair:4   | Reached skill level 15 in Maces & Flails
 16016 | Lair:4   | Noticed a five-headed hydra
 16025 | Lair:4   | Killed a five-headed hydra
 16190 | Lair:4   | Noticed a seven-headed hydra
 16196 | Lair:4   | Killed a seven-headed hydra
 16551 | Lair:5   | Reached XP level 13. HP: 115/119 MP: 12/12
 17040 | Lair:5   | You fall into a shaft and drop 1 floor!
 17040 | Lair:6   | Entered Level 6 of the Lair of Beasts
 17082 | Lair:5   | Found a viscous altar of Jiyva.
 17082 | Lair:5   | Found a staircase to the Slime Pits.
 17457 | Lair:5   | Found a shattered altar of Ashenzari.
 17881 | Lair:6   | Reached skill level 13 in Fighting
 19087 | Lair:6   | Reached skill level 14 in Fighting
 19087 | Lair:6   | Reached XP level 14. HP: 132/132 MP: 13/13
 20074 | D:11     | Reached skill level 15 in Fighting
 20074 | D:11     | Reached XP level 15. HP: 141/141 MP: 14/14
 20437 | D:11     | Noticed Psyche
 20452 | D:11     | Killed Psyche
 20473 | D:11     | Found Tavil's General Store.
 21080 | D:11     | Received a gift from Trog
 21632 | D:12     | Found a staircase to the Orcish Mines.
 21898 | D:12     | Reached skill level 16 in Fighting
 22173 | Orc:1    | Entered Level 1 of the Orcish Mines
 22208 | Orc:1    | Noticed Urug
 22301 | Orc:1    | Killed Urug
 22558 | Orc:1    | Found Nialyawa's Jewellery Emporium.
 22697 | Orc:2    | Entered Level 2 of the Orcish Mines
 22813 | Orc:1    | Reached skill level 15 in Shields
 22815 | Orc:1    | Reached skill level 15 in Armour
 24207 | Orc:2    | Found Juntu's Jewellery Shoppe.
 24208 | Orc:2    | Found Axyam's Antique Weapon Boutique.
 24208 | Orc:2    | Found Hiorph's General Store.
 24208 | Orc:2    | Found Zofu's Distillery.
 24297 | Orc:2    | Found a staircase to the Elven Halls.
 25005 | Orc:1    | Reached skill level 17 in Fighting
 25141 | Orc:1    | Bought the amulet of the Four Winds {rN+ MR+++ Clar} for
                  | 614 gold pieces
 25141 | Orc:1    | Found the amulet of the Four Winds {rN+ MR+++ Clar}
 25176 | D:13     | Received a gift from Trog
 26278 | D:13     | Reached XP level 16. HP: 155/155 MP: 15/15
 26296 | D:13     | Found a gate to the Vaults.
 26476 | D:13     | Found a glowing golden altar of the Shining One.
 26477 | D:13     | Found a runed translucent door.
 27427 | D:14     | Noticed Louise
 27449 | D:14     | Killed Louise
 27621 | D:15     | Entered Level 15 of the Dungeon
 27647 | D:14     | Received a gift from Trog
 27944 | D:15     | Reached skill level 18 in Fighting
 28245 | D:15     | Found a staircase to the Depths.
 29020 | Snake:1  | Entered Level 1 of the Snake Pit
 29054 | Snake:1  | Noticed Yxit's ghost (adept MiBe)
 29055 | Snake:1  | Found a bloodstained altar of Trog.
 29055 | Snake:1  | Found a transporter.
 29055 | Snake:1  | Identified the cursed +3 war axe of the Candelabrum {drain,
                  | Dex+4}
 29116 | Snake:1  | Found a transporter.
 29183 | Snake:1  | Found Axaoh's Antique Weapon Shoppe.
 29186 | Snake:1  | Found Geaw Toatt's Armour Shoppe.
 29186 | Snake:1  | Found Siema's Armour Emporium.
 29191 | Snake:1  | Found Wivix's Antique Weapon Emporium.
 29860 | Snake:1  | Identified the +9 dire flail "Koufeeni" {crush, *Noise
                  | +Rage rPois Stlth+}
 30348 | Snake:2  | Noticed Donald
 30365 | Snake:2  | Killed Donald
 30643 | Snake:2  | Received a gift from Trog
 31202 | Snake:2  | Received a gift from Trog
 31915 | Snake:2  | Reached skill level 19 in Fighting
 32276 | Snake:3  | Reached XP level 17. HP: 71/168 MP: 16/16
 33129 | Snake:3  | Found Puyph's Jewellery Shoppe.
 33129 | Snake:3  | Found Voemidonk's Gadget Boutique.
 33130 | Snake:3  | Found Teodor's Gadget Boutique.
 33622 | Snake:3  | Received a gift from Trog
 33782 | Snake:3  | Found a radiant altar of Vehumet.
 34308 | Snake:3  | Reached skill level 20 in Fighting
 34679 | Snake:3  | Found Dofun's General Store.
 35143 | Snake:4  | Entered Level 4 of the Snake Pit
 36075 | Snake:4  | HP: 8/256 [shock serpent/electric aura (19)]
 36075 | Snake:4  | HP: 1/256 [guardian serpent/bolt of poison (7)]
 36076 | Snake:4  | Succumbed to a guardian serpent's bolt of poison

Levels and vault maps discovered:
D:1:      ebering_hopf_link, layout_basic, feat_on_display
D:2:      layout_loops_corners, nicolae_overflow_hidden_temple,
          lemuel_crystal_altar, tso_metal_star, overflow_temple_1_default,
          minmay_quantized, uniq_robin
D:3:      layout_loops_ring, overflow_temple_1_default,
          overflow_temple_1_default, nicolae_ru_great_annihilating_truth,
          first_ration, minmay_misc_feat_ornament, lemuel_flame_loot_1,
          uniq_grinder
D:4:      layout_loops_ring, lemuel_round_altar, cheibriados_altar_1,
          chequers_ossuary_entry_cave
D:5:      layout_gridville, xom_butterflies, serial_shops,
          nicolae_shop_statue_plus, uniq_prince_ribbit1, uniq_ijyb,
          uniq_menkaure
D:6:      layout_basic, okawaru_metal_pillars_1_2, temple_hall_moat,
          portal_sewer_entry_d, st_stairs_1, minmay_misc_feat_five,
          uniq_blork_the_orc
D:7:      layout_basic
D:8:      layout_loops_ring, serial_shops, nicolae_shop_waterfront,
          nicolae_shop_overgrown_old_shop, kennysheep_little_box,
          grunt_ogre_cave, hangedman_feature_mirror, chequers_decorated_corner,
          kennysheep_path_1, minmay_manual_mares, uniq_harold
D:9:      layout_long_grid, gammafunk_temple_overflow_statue,
          grunt_temple_overflow_open, basic_altar, uniq_maurice
D:10:     layout_grid_maze, david_lair_generic, muffindrake_ghost_dual_entry
D:11:     layout_roguey, serial_shops, shop, serial_bayou, serial_bayou_shore_b,
          serial_bayou_pond_b, serial_bayou_lake_a, serial_bayou_shore_b,
          uniq_psyche
D:12:     layout_roguey, kennysheep_orc_monster_closet_entryway, roderic_batcave
D:13:     wad_pebble_path, layout_cross, hangedman_vaults_entry_quadrant_bands,
          lemuel_angel_altar
D:14:     layout_rooms, minmay_mirror_moons_of_madness, uniq_louise
D:15:     hangedman_depths_entry_civil_slaughter, layout_long_grid,
          corexii_corridor_pit
Lair:1:   layout_chaotic_city, st_stairs_8, beast_lair_carwin_7
Lair:2:   layout_cave_pods, elwin_shoals_entry_rocks
Lair:3:   layout_long_grid
Lair:4:   cheibrodos_lair_overgrown_chateau, layout_loops_ring,
          minmay_snake_entry_guardpost_small
Lair:5:   layout_gridlike, slime_altar_1, basic_altar, bobbens_ice_dragon_lair
Lair:6:   gammafunk_lair_ancient_temple, layout_gridlike, lemuel_fruit_tree
Snake:1:  layout_chambers, gammafunk_ghost_wrathful_warriors, minmay_shoptagon
Snake:2:  layout_basic, serial_bayou_ford_a, uniq_donald
Snake:3:  layout_gridlike, serial_shops, nicolae_shop_waterfront, basic_altar,
          serial_bayou_crossing, minmay_shop_grove, grunt_megastairs_2
Snake:4:  grunt_snake_rune_pools, layout_cave_town
Orc:1:    nicolae_orc_accident_1, layout_caves, serial_shops, shop, uniq_urug
Orc:2:    st_orc_ogre_mass, layout_caves, enter_volcano_1

Skill      XL: |  1  2  3  4  5  6  7  8  9 10 11 12 13 14 15 16 17 |
---------------+----------------------------------------------------+-----
Maces & Flails | 3 4 5 6 7 9 11 12 14 15 16 | 16.0
Fighting       | 4 5 6 7 8 9 11 12 14 15 17 19 20 | 20.4
Armour         | 4 5 6 7 8 9 11 12 14 16 18 19 | 19.6
Shields        | 4 5 6 7 8 9 11 12 14 15 16 | 16.0

Action                   |  1- 3 |  4- 6 |  7- 9 | 10-12 | 13-15 | 16-18 || total
-------------------------+-------+-------+-------+-------+-------+-------++-------
Melee: Flail             |   110 |   136 |   591 |   113 |       |       ||   950
       Headbutt          |    17 |    15 |   113 |   125 |   175 |   186 ||   631
       Morningstar       |       |       |       |   430 |   746 |   801 ||  1977
       Unarmed           |       |       |       |       |     6 |       ||     6
Invok: Trog's Hand       |       |       |     5 |    13 |    12 |    13 ||    43
       Berserk           |       |       |     1 |     4 |     4 |     6 ||    15
 Abil: Evoke Flight      |       |       |     1 |       |       |       ||     1
  Use: Scroll            |       |     5 |     8 |     8 |     9 |     6 ||    36
       Potion            |       |       |       |       |     1 |       ||     1
 Stab: Paralysed         |       |     1 |       |       |       |       ||     1
  Eat: Chunk             |     2 |     6 |    14 |    23 |    37 |    22 ||   104
       Ration            |       |       |     1 |     4 |     1 |     5 ||    11
Armor: Scale mail        |    42 |    46 |     1 |       |       |       ||    89
       Chain mail        |       |       |   223 |   189 |    25 |       ||   437
       Ice dragon scales |       |       |       |       |   206 |    96 ||   302
       Skin              |       |       |       |       |     2 |       ||     2
       Plate armour      |       |       |       |       |       |   179 ||   179
Dodge: Dodged            |    31 |    41 |    94 |   103 |   184 |   164 ||   617
Block: Shield            |    64 |    73 |   252 |   290 |   490 |   403 ||  1572
       Large shield      |       |       |       |       |       |   254 ||   254
       Reflection        |       |       |       |       |       |    49 ||    49

Table legend:
 A = Non-vault XP
 B = Vault XP
 C = Vault XP percentage of total XP
 D = Non-vault monster count
 E = Vault monster count
 F = Vault count percentage of total count
                 A         B        C        D         E       F
            +---------+---------+-------+---------+---------+-------
      Total |  155083 |   70114 |  31.1 |     682 |     280 |  29.1
            +---------+---------+-------+---------+---------+-------
        D:1 |      26 |       0 |   0.0 |      17 |       0 |   0.0
        D:2 |      30 |      64 |  68.1 |      11 |      15 |  57.7
        D:3 |     160 |     329 |  67.3 |      20 |       5 |  20.0
        D:4 |     334 |       0 |   0.0 |      18 |       0 |   0.0
        D:5 |    1145 |     208 |  15.4 |      24 |       2 |   7.7
        D:6 |     831 |     225 |  21.3 |      24 |       4 |  14.3
        D:7 |     633 |       0 |   0.0 |      17 |       0 |   0.0
        D:8 |    1349 |    2050 |  60.3 |      20 |       9 |  31.0
        D:9 |    1349 |     469 |  25.8 |      36 |       1 |   2.7
       D:10 |    6165 |    1006 |  14.0 |      42 |       4 |   8.7
       D:11 |    3425 |     439 |  11.4 |      30 |       1 |   3.2
       D:12 |    6877 |    1620 |  19.1 |      27 |      28 |  50.9
       D:13 |    5545 |    5228 |  48.5 |      23 |      15 |  39.5
       D:14 |    6353 |    5182 |  44.9 |      19 |       8 |  29.6
       D:15 |    7174 |    5351 |  42.7 |      20 |       6 |  23.1
     Lair:1 |    3966 |    1011 |  20.3 |      21 |       6 |  22.2
     Lair:2 |    3712 |       0 |   0.0 |      15 |       0 |   0.0
     Lair:3 |    3505 |    1066 |  23.3 |      12 |       5 |  29.4
     Lair:4 |    2021 |    5161 |  71.9 |      10 |      16 |  61.5
     Lair:5 |    6954 |     993 |  12.5 |      23 |       4 |  14.8
     Lair:6 |   14420 |   10267 |  41.6 |      52 |      27 |  34.2
    Snake:1 |   12389 |       0 |   0.0 |      28 |       0 |   0.0
    Snake:2 |   24421 |    1978 |   7.5 |      53 |       1 |   1.9
    Snake:3 |   28474 |    5209 |  15.5 |      57 |       6 |   9.5
    Snake:4 |    9262 |    4036 |  30.4 |      23 |       5 |  17.9
      Orc:1 |    2326 |   15525 |  87.0 |      19 |      35 |  64.8
      Orc:2 |    2237 |    2340 |  51.1 |      21 |       7 |  25.0
      Sewer |       0 |     163 | 100.0 |       0 |       9 | 100.0
    Ossuary |       0 |     194 | 100.0 |       0 |      61 | 100.0
            +---------+---------+-------+---------+---------+-------
